 Dungeon Crawl Stone Soup version 0.27-a0-828-g8289197e94 (webtiles) character file.

Game seed: 16010965730978127713

2263 polve the Transmogrifier (level 9, -13/83 HPs)
             Began as a Grey Draconian Transmuter on Mar 30, 2021.
             Mangled by Joseph
             ... wielding a +0 quarterstaff
              (14 damage)
             ... on level 7 of the Dungeon.
             The game lasted 00:13:16 (6523 turns).

polve the Transmogrifier (DrTm)                     Turns: 6523, Time: 00:13:16

Health: -13/83     AC:  7    Str: 13    XL:     9   Next: 15%
Magic:  2/12       EV: 16    Int: 14    God:
Gold:   282        SH:  0    Dex: 12    Spells: 1/12 levels left

rFire    . . .     SeeInvis .     - Unarmed
rCold    . . .     Faith    .   (shield currently unavailable)
rNeg     . . .     Spirit   .   (armour unavailable)
rPois    +         Reflect  .   (helmet currently unavailable)
rElec    .         Harm     .   (cloak currently unavailable)
rCorr    .         Rampage  .   (gloves currently unavailable)
Will     .....     Clarity  +   (boots currently unavailable)
Stlth    +.........             (no amulet)
HPRegen  0.23/turn              h - +4 ring of evasion
MPRegen  0.13/turn              y - +4 ring of evasion

@: hydra-form, very slightly contaminated
A: fast swimmer, devour, amphibious, boosted hp, AC +12, very large, unfitting
armour, (unbreathing 2), (cold-blooded), (horns 1), clarity, dopey 1, subdued
magic 1
a: End Transformation


You were on level 7 of the Dungeon.
You were a two-headed hydra.
You visited 1 branch of the dungeon, and saw 7 of its levels.

You collected 282 gold pieces.

Inventory:

Hand Weapons
 j - a +2 short sword of speed (melded)
Armour
 i - a +0 pair of gloves (melded)
 k - a +0 pair of boots (melded)
 s - a +0 cloak (melded)
Jewellery
 d - a ring of flight
 h - a +4 ring of evasion (left foreclaw)
 v - a ring of protection from cold
 y - a +4 ring of evasion (right foreclaw)
Wands
 b - a wand of random effects (39)
 q - a wand of flame (17)
 t - a wand of polymorph (7)
 u - a wand of digging (1)
Scrolls
 a - 3 scrolls of teleportation {unknown}
 c - 5 scrolls of identify {unknown}
 g - a scroll of silence {unknown}
 l - a scroll of amnesia {unknown}
 m - a scroll of torment {unknown}
 n - a scroll of acquirement {unknown}
 o - 2 scrolls of immolation {unknown}
 p - a scroll of enchant weapon {unknown}
 r - 2 scrolls of summoning {unknown}
 w - a scroll of enchant armour {unknown}
Potions
 f - 2 potions of brilliance
 x - a potion of magic {unknown}
 z - 2 potions of invisibility {unknown}


   Skills:
 - Level 1.1 Fighting
 - Level 1.7 Dodging
 - Level 3.0 Unarmed Combat
 - Level 2.0 Spellcasting
 + Level 12.1 Transmutations


You had one spell level left.
You knew the following spells:

 Your Spells              Type           Power      Damage    Failure   Level
a - Beastly Appendage     Tmut           54%        N/A       1%          1
b - Wereblood             Tmut           27%        N/A       1%          2
c - Spider Form           Tmut/Pois      7%         N/A       4%          3
d - Hydra Form            Tmut           13%        N/A       3%          5

Your spell library contained the following spells:

 Spells                   Type           Power      Damage    Failure   Level
 Summon Small Mammal      Summ           4%         N/A       21%         1
 Ice Form                 Ice/Tmut       14%        N/A       17%         4
 Call Imp                 Summ           1%         N/A       30%         2
 Call Canine Familiar     Summ           1%         N/A       52%         3
 Summon Guardian Golem    Hex/Summ       1%         N/A       52%         3
 Summon Ice Beast         Ice/Summ       1%         N/A       91%         4
 Summon Lightning Spire   Summ/Air       1%         N/A       91%         4


Dungeon Overview and Level Annotations

Branches:
Dungeon (7/15)             Temple (0/1) D:7

Altars:
Cheibriados
Fedhas
Gozag
Kikubaaqudgha
Makhleb
Okawaru
Xom
Zin

Shops:
D:1 [   D:3 [

Annotations:
D:7 Joseph


Innate Abilities, Weirdness & Mutations

You are a two-headed hydra.
You swim very quickly.
You can devour living enemies to heal.
You are amphibious.
Your maximum health is greatly increased.
Your armour is entirely melded.
You are incapable of wielding weapons or throwing items.
((Your dull iron-grey scales are very hard. (AC +12)))
You cannot fit into any form of body armour.
((You can survive without breathing, even under water.))
((You are cold-blooded and may be slowed by cold attacks.))
((You have a pair of small horns on your head.))
You possess an exceptional clarity of mind.
You are dopey. (Int -2)
Your spells are a little easier to cast, but a little less powerful.


Message History

Joseph hits you with a +0 quarterstaff!
You hit Joseph but do no damage. Your kick misses Joseph. You headbutt Joseph.
Joseph is heavily wounded.
Joseph hits you with a +0 quarterstaff.
You barely miss Joseph. Your kick misses Joseph.
You tail-slap Joseph, but do no damage.
Joseph is heavily wounded.
You hit Joseph.
Joseph is heavily wounded.
Joseph hits you but does no damage.
Casting: Beastly Appendage (safe; 1% risk of failure)
Confirm with . or Enter, or press ? or * to list all spells.
You miscast Hydra Form.
You are very lightly contaminated with residual magic.
Nothing appears to happen.
Joseph hits you with a +0 quarterstaff.
Casting: Hydra Form (dangerous; 3% risk of failure)
Confirm with . or Enter, or press ? or * to list all spells.
Your talons disappear.
Your +0 pair of boots unmelds from your body.
You turn into a two-headed hydra.
Your +2 short sword of speed melds into your body.
Your +0 cloak melds into your body.
Your +0 pair of gloves melds into your body.
Your +0 pair of boots melds into your body.
Joseph hits you with a +0 quarterstaff!
* * * LOW HITPOINT WARNING * * *
You bite Joseph!
Joseph is severely wounded.
Joseph closely misses you.
You nip at Joseph but do no damage.
Joseph is severely wounded.
Joseph hits you with a +0 quarterstaff!
* * * LOW HITPOINT WARNING * * *
You bite Joseph!
Joseph is almost dead.
Joseph closely misses you.
You nip at Joseph.
Joseph is almost dead.
Joseph hits you with a +0 quarterstaff!
You die...

..........#
!..>...#..#
..........#
.......#..#
........#
.#.#.#.#..#
..........#
..c.###.@.#
. ##D.#
###).##
#.....#
#.....####
#...>....#
#.....##.#
#.....##.#
#.....##.#
#.....##.#


You could see Joseph.

Vanquished Creatures
  A cyclops (D:7)
  Grinder (D:3)
  Sigmund (D:5)
  A wyvern (D:3)
  A black bear (D:4)
  An ice beast (D:6)
  An ogre (D:5)
  A centaur (D:7)
  2 scorpions (D:6)
  A bullfrog (D:5)
  A water moccasin skeleton (D:6)
  A centaur zombie (D:6)
  2 jellies (D:6)
  2 hounds (D:5)
  Crazy Yiuf (D:4)
  4 orc priests (D:3)
  2 bullfrog skeletons (D:6)
  A gnoll shaman (D:7)
  2 iguanas
  Natasha (thrice) (D:2)
  4 orc wizards
  A killer bee zombie (D:6)
  A howler monkey skeleton (D:7)
  4 gnolls (D:7)
  3 adders
  2 ufetubi
  2 worms
  A dart slug (D:1)
  21 orcs
  4 ball pythons
  2 bats
  A bat zombie (D:4)
  5 endoplasms
  4 giant cockroaches
  5 goblins
  4 hobgoblins
  9 kobolds
  2 quokkas
  5 frilled lizards
  8 rats
118 creatures vanquished.

Notes
Turn   | Place    | Note
-------+----------+-------------------------------------------
     0 | D:1      | polve the Draconian Transmuter began the quest for the Orb.
     0 | D:1      | Reached XP level 1. HP: 16/16 MP: 3/3
   119 | D:1      | Reached XP level 2. HP: 18/23 MP: 3/5
   275 | D:1      | Reached skill level 3 in Transmutations
   765 | D:1      | Found Qiel's Armour Boutique.
   885 | D:1      | Reached XP level 3. HP: 19/28 MP: 4/6
  1097 | D:2      | Found a snail-covered altar of Cheibriados.
  1178 | D:2      | Noticed Natasha
  1199 | D:2      | Killed Natasha
  1200 | D:2      | Reached skill level 4 in Transmutations
  1313 | D:2      | Noticed Natasha
  1342 | D:2      | Killed Natasha
  1343 | D:2      | Reached XP level 4. HP: 19/35 MP: 4/7
  1402 | D:2      | Noticed Natasha
  1410 | D:2      | Killed Natasha
  1411 | D:2      | Reached skill level 5 in Transmutations
  1560 | D:2      | Learned a level 2 spell: Wereblood
  1564 | D:2      | Learned a level 3 spell: Spider Form
  1790 | D:2      | Found a burning altar of Makhleb.
  1906 | D:3      | Found a shimmering altar of Xom.
  1960 | D:3      | Reached XP level 5. HP: 13/40 MP: 8/8
  2283 | D:3      | Noticed Grinder
  2284 | D:3      | Gained mutation: Your spells are a little easier to cast,
                  | but a little less powerful. [potion of mutation]
  2284 | D:3      | Gained mutation: You have a pair of small horns on your
                  | head. [potion of mutation]
  2284 | D:3      | Gained mutation: You are dopey. (Int -2) [potion of
                  | mutation]
  2284 | D:3      | Gained mutation: You possess an exceptional clarity of
                  | mind. [potion of mutation]
  2285 | D:3      | Paralysed by Grinder for 2 turns
  2370 | D:3      | Killed Grinder
  2371 | D:3      | Reached skill level 7 in Transmutations
  2371 | D:3      | Reached XP level 6. HP: 44/47 MP: 9/9
  2552 | D:3      | Found Peimeet's Antique Armour Boutique.
  2600 | D:3      | Noticed a wyvern
  2615 | D:3      | Killed a wyvern
  2616 | D:3      | Your scales start taking on a dull iron-grey colour.
  2616 | D:3      | Reached XP level 7. HP: 26/52 MP: 6/10
  2616 | D:3      | Gained mutation: You can survive without breathing. [Grey
                  | Draconian growth]
  2616 | D:3      | Gained mutation: You can survive without breathing, even
                  | under water. [Grey Draconian growth]
  3028 | D:3      | Reached skill level 8 in Transmutations
  3330 | D:4      | Found a runed translucent door.
  3331 | D:4      | Noticed Crazy Yiuf
  3637 | D:4      | You are sucked into a shaft and drop 2 floors!
  3642 | D:5      | Entered Level 5 of the Dungeon
  3677 | D:5      | Reached skill level 9 in Transmutations
  3859 | D:4      | Found an ancient bone altar of Kikubaaqudgha.
  3921 | D:4      | Killed Crazy Yiuf
  3989 | D:5      | Found an opulent altar of Gozag.
  4156 | D:5      | Reached XP level 8. HP: 34/59 MP: 11/11
  4162 | D:5      | Learned a level 5 spell: Hydra Form
  4309 | D:5      | Found an iron altar of Okawaru.
  4446 | D:5      | Noticed Sigmund
  4463 | D:5      | Killed Sigmund
  4532 | D:5      | Reached skill level 10 in Transmutations
  4686 | D:5      | Found a glowing silver altar of Zin.
  5365 | D:6      | Reached skill level 11 in Transmutations
  5711 | D:6      | Found a blossoming altar of Fedhas.
  6168 | D:7      | Noticed a cyclops
  6252 | D:7      | HP: 1/59 [cyclops (19)]
  6254 | D:7      | Killed a cyclops
  6255 | D:7      | Reached skill level 12 in Transmutations
  6255 | D:7      | Reached XP level 9. HP: 31/64 MP: 12/12
  6476 | D:7      | Found a staircase to the Ecumenical Temple.
  6495 | D:7      | Noticed Joseph
  6521 | D:7      | HP: 1/83 [Joseph/+0 quarterstaff (12)]
  6523 | D:7      | Mangled by Joseph

Illustrated notes

Levels and vault maps discovered:
D:1:      mrwooster_arrival_arrow, layout_basic, serial_shops, shop,
          minmay_misc_feat_x, minmay_misc_feat_square
D:2:      layout_rooms, nicolae_overflow_crystal_walls, lemuel_crystal_altar,
          uniq_natasha
D:3:      layout_rooms, xom_butterflies, serial_shops, shop, uniq_grinder
D:4:      cheibrodos_pilgrimage, layout_rooms,
          lemuel_zombie_altar_kikubaaqudgha, uniq_crazy_yiuf_cottage
D:5:      layout_basic, pdpol_temple_overflow_zin_treasury_gozag_greed,
          old_standard_altar, chequers_serial_rivers_micro_a, uniq_sigmund
D:6:      layout_loops_ring, fedhas_altar_fruit_tree
D:7:      layout_basic, yredelemnul_altar_generic, minmay_temple_entry_glass,
          serial_shops, shop, uniq_joseph, uniq_prince_ribbit1, uniq_maggie

Skill      XL: |  1  2  3  4  5  6  7  8 |
---------------+-------------------------+-----
Transmutations | 3 4 5 7 9 12 | 12.1
Fighting       | |  1.1
Dodging        | |  1.7
Unarmed Combat | |  3.0
Spellcasting   | |  2.0

Action                   |  1- 3 |  4- 6 |  7- 9 || total
-------------------------+-------+-------+-------++-------
Melee: Unarmed           |    66 |     5 |     4 ||    75
       Kick              |     9 |    20 |    60 ||    89
       Headbutt          |     8 |    10 |    56 ||    74
       Tailslap          |    12 |     5 |    43 ||    60
       Short sword       |    34 |    87 |   317 ||   438
       Punch             |       |     1 |     8 ||     9
 Cast: Beastly Appendage |    15 |    15 |    39 ||    69
       Spider Form       |       |     1 |       ||     1
       Hydra Form        |       |       |     1 ||     1
  Use: Potion            |       |     4 |     8 ||    12
Armor: Skin              |    17 |    19 |    75 ||   111
Dodge: Dodged            |    63 |    62 |   157 ||   282

Table legend: (Time is in decaauts)
 A = Elapsed time spent in this place.
 B = Non-inter-level travel time spent in this place.
 C = Inter-level travel time spent in this place.
 D = Time resting spent in this place.
 E = Time spent auto-exploring this place.
 F = Levels seen in this place.
 G = Mean time per level.
                   A        B        C        D        E       F      G
               +--------+--------+--------+--------+--------+-----+--------+
         Total |   6420 |   6244 |    176 |      5 |   5097 |   7 |  917.1 |
       Dungeon |   6420 |   6244 |    176 |      5 |   5097 |   7 |  917.1 |
               +--------+--------+--------+--------+--------+-----+--------+

Top non-repeatable levels by time:
     D:6: 1145 daAuts
     D:2: 1145 daAuts
     D:1: 1143 daAuts
     D:5: 904 daAuts
     D:4: 884 daAuts
     D:3: 672 daAuts
     D:7: 525 daAuts
